 Dungeon Crawl Stone Soup version 0.27.0-1-g7a089689b8 (webtiles) character file.

Game seed: 15917310677760778623

207 Strat the Poker (level 5, -1/33 HPs)
             Began as a Tengu Warper on Aug 6, 2021.
             Was an Initiate of Hepliaklqana.
             Slain by a gnoll (5 damage)
             ... on level 4 of the Dungeon.
             The game lasted 00:13:08 (4465 turns).

Strat the Poker (Tengu Warper)                      Turns: 4465, Time: 00:13:09

Health: -1/33      AC:  5    Str: 13    XL:     5   Next: 85%
Magic:  9/9        EV: 14    Int: 13    God:    Hepliaklqana [......]
Gold:   163        SH:  0    Dex: 13    Spells: 3/8 levels left

rFire    . . .     SeeInvis .   a - +2 trident (vorpal)
rCold    . . .     Faith    .   (no shield)
rNeg     . . .     Spirit   .   j - +0 leather armour
rPois    .         Reflect  .   (helmet restricted)
rElec    .         Harm     .   k - +1 cloak
rCorr    .         Rampage  .   (no gloves)
Will     .....                  (boots unavailable)
Stlth    +.........             (no amulet)
HPRegen  0.11/turn              (no ring)
MPRegen  0.11/turn              (no ring)

@: mighty, flying quickly and evasively, quick
A: beak, talons 3, nimble flight
a: Renounce Religion


You were on level 4 of the Dungeon.
You worshipped Hepliaklqana.
Hepliaklqana was noncommittal.
You visited 1 branch of the dungeon, and saw 4 of its levels.

You collected 163 gold pieces.

Inventory:

Hand Weapons
 a - a +2 vorpal trident (weapon)
 b - a +0 hunting sling
 q - a +0 spear
Missiles
 d - 2 boomerangs of dispersal (quivered)
 g - 123 stones
 i - 3 boomerangs
 n - 9 sling bullets
Armour
 c - a +2 chain mail of fire resistance
 e - a +0 buckler
 j - a +0 leather armour (worn)
 k - a +1 cloak (worn)
Scrolls
 o - a scroll of immolation
Potions
 f - a potion of flight {unknown}
 m - 2 potions of attraction {unknown}


   Skills:
 + Level 3.9 Fighting
 * Level 4.6 Polearms
 - Level 1.0 Throwing
 + Level 2.0 Armour
 - Level 2.1 Dodging
 - Level 2.0 Spellcasting
 - Level 2.4 Translocations
 - Level 0.9 Poison Magic


You had 3 spell levels left.
You knew the following spells:

 Your Spells              Type           Power      Damage    Failure   Level
a - Blink                 Tloc           N/A        N/A       19%         2
b - Sting                 Tmut/Pois      8%         1d3       26%         1
c - Poisonous Vapours     Pois/Air       4%         N/A       38%         2

Your spell library contained the following spells:

 Spells                   Type           Power      Damage    Failure   Level
 Gell's Gravitas          Tloc           3%         N/A       36%         3
 Lesser Beckoning         Tloc           3%         N/A       36%         3
 Teleport Other           Tloc           7%         N/A       36%         3
 Static Discharge         Conj/Air       1%         N/A       43%         2
 Olgreb's Toxic Radiance  Pois           3%         N/A       91%         4
 Dispel Undead            Necr           1%         3d6       97%         4
 Sticky Flame             Conj/Fire      1%         2d3       97%         4
 Manifold Assault         Tloc           7%         N/A       98%         5


Dungeon Overview and Level Annotations

Branches:
Dungeon (4/15)
 Temple: D:4-7

Altars:
Hepliaklqana
Ru
Vehumet

Shops:
D:3 :

Annotations:
D:4 Pikel


Innate Abilities, Weirdness & Mutations

You have a beak for a mouth.
You have claws for feet.
Your magical nature lets you fly swiftly and evasively.


Message History

You hear a shout!
The hound closely misses you.
Throw: 3 boomerangs (disperse)
Press: ? - help, Q - select action, (/) - cycle Shift-Dir - straight line, f/p - gnoll
Aim: a gnoll, wielding a +0 whip (moderately wounded, 61% to hit)
You throw a boomerang of dispersal.
The boomerang of dispersal closely misses the hound.
The boomerang of dispersal hits the gnoll.
The gnoll blinks!
The hound bites you but does no damage. The gnoll closely misses you.
The hound bites you but does no damage. The hound misses you.
You puncture the hound! You claw the hound.
The hound is severely wounded.
The hound bites you but does no damage. The hound bites you.
* * * LOW HITPOINT WARNING * * *
The gnoll hits you from afar with a +0 spear.
* * * LOW HITPOINT WARNING * * *
You impale the hound!!
You kill the hound!
The hound closely misses you. The gnoll barely misses you.
The hound barely misses you.
You puncture the hound! You claw the hound.
You kill the hound!
The gnoll hits you from afar with a +0 spear.
* * * LOW HITPOINT WARNING * * *
Your Armour skill increases to level 2!
The goblin barely misses you.
You closely miss the goblin. The goblin hits you with a +0 dagger.
* * * LOW HITPOINT WARNING * * *
The gnoll closely misses you.
You barely miss the goblin. Your peck misses the goblin.
The goblin hits you but does no damage. The gnoll misses you.
The goblin barely misses you.
You hit the goblin.
You kill the goblin!
The gnoll barely misses you. The gnoll misses you.
You puncture the quokka!
You kill the quokka!
The gnoll hits you from afar with a +0 spear.
You die... #.......# #.......# #.......##### .♣ #......h†)..# P≈≈ #...†..g###.# ♣≈♣ #.....5.# #.### Pg♣

#.......# #..5##♣
♣♣♣♣≈♣♣♣♣♣♣
####)####
###5g†♣♣♣≈≈≈≈≈♣≈PP≈
.###.####
###.@)g≈.≈≈≈.hrh.
#.......#
##P♣.≈♣≈≈≈♣♣PP
#.......#
#♣♣♣♣♣≈≈♣♣
#.......## ♣P.P♣
#........## ♣P.♣♣
#.........## ♣♣≈P
#..........# P.≈♣
#..........# ....
#........P.# #####


You could see 2 lemures and 2 gnolls.

Vanquished Creatures
  A lemure (D:4)
  2 hounds (D:4)
  2 adders
  2 gnolls
  2 worms
  2 dart slugs
  6 orcs
  8 bats
  5 endoplasms
  3 giant cockroaches
  8 goblins
  4 hobgoblins
  16 jackals
  6 kobolds
  4 quokkas
  10 ball pythons
  9 frilled lizards
  3 rats
93 creatures vanquished.

Vanquished Creatures (others)
  A fungus (D:4)
  12 plants (D:4)
13 creatures vanquished.

Grand Total: 106 creatures vanquished

Notes
Turn   | Place    | Note
-------+----------+-------------------------------------------
     0 | D:1      | Strat the Tengu Warper began the quest for the Orb.
     0 | D:1      | Reached XP level 1. HP: 12/12 MP: 4/4
   158 | D:1      | Reached XP level 2. HP: 10/18 MP: 6/6
   606 | D:1      | Learned a level 2 spell: Blink
   802 | D:1      | Learned a level 1 spell: Sting
   805 | D:1      | Learned a level 2 spell: Poisonous Vapours
  1039 | D:1      | Reached XP level 3. HP: 20/22 MP: 7/7
  1174 | D:1      | Reached skill level 3 in Polearms
  2006 | D:2      | Reached XP level 4. HP: 28/28 MP: 8/8
  2288 | D:3      | Found Jyplocw's Book Shop.
  3482 | D:3      | Found a faded altar of an unknown god.
  3954 | D:3      | Reached skill level 4 in Polearms
  3963 | D:3      | Found a radiant altar of Vehumet.
  3963 | D:3      | Found a sacrificial altar of Ru.
  3966 | D:3      | Found a hazy altar of Hepliaklqana.
  4085 | D:3      | Became a worshipper of Hepliaklqana the Forgotten
  4328 | D:4      | Gained mutation: Your magical nature lets you fly swiftly
                  | and evasively. [Tengu growth]
  4328 | D:4      | Reached XP level 5. HP: 28/32 MP: 9/9
  4413 | D:4      | Noticed a lemure
  4414 | D:4      | Noticed a lemure
  4414 | D:4      | Noticed a lemure
  4415 | D:4      | Noticed Pikel
  4454 | D:4      | Killed a lemure
  4465 | D:4      | Slain by a gnoll

Illustrated notes

Levels and vault maps discovered:
D:1:      moated_graveyard_arrival, layout_basic
D:2:      layout_rooms, serial_curves, eino_curves_01, eino_curves_02,
          minmay_lizard_pond
D:3:      layout_basic, minitemple, ebering_ecumenical_altar_hall, serial_shops,
          shop
D:4:      layout_rooms, mainiacjoe_overflow_boulevard, serial_shops, shop,
          serial_bayou_crossing, uniq_pikel

Skill      XL: |  1  2  3  4  5 |
---------------+----------------+-----
Polearms       | 3 4 |  4.6
Fighting       | 3 |  3.9
Armour         | 2 |  2.0
Throwing       | |  1.0
Dodging        | |  2.1
Spellcasting   | |  2.0
Translocations | |  2.4
Poison Magic   | |  0.9

Action                   |  1- 3 |  4- 6 || total
-------------------------+-------+-------++-------
Melee: Spear             |    92 |     5 ||    97
       Kick              |    12 |    14 ||    26
       Peck              |     4 |     7 ||    11
       Trident           |       |    72 ||    72
 Fire: Hunting sling     |    30 |    70 ||   100
Throw: Boomerang         |       |     3 ||     3
 Cast: Blink             |     1 |       ||     1
  Use: Scroll            |     5 |     7 ||    12
       Potion            |       |     1 ||     1
 Stab: Sleeping          |     1 |       ||     1
Armor: Leather armour    |    30 |    41 ||    71
Dodge: Dodged            |    41 |    84 ||   125
